 Dungeon Crawl Stone Soup version 0.30-a0-368-g86fb4627a9 (webtiles) character file.

Game seed: 9429624831351978641

19756 ryw the Warrior (level 12, -12/99 HPs)
             Began as a Demonspawn Monk on Nov 19, 2022.
             Was a High Priest of Hepliaklqana.
             Mangled by a komodo dragon (25 damage)
             ... on level 1 of the Lair of Beasts.
             The game lasted 00:27:49 (12462 turns).

ryw the Warrior (Demonspawn Monk)                  Turns: 12462, Time: 00:27:50

Health: -12/99     AC: 14    Str: 19    XL:     12   Next: 39%
Magic:  16/16      EV: 16    Int: 19    God:    Hepliaklqana [*****.]
Gold:   1429       SH:  4    Dex: 15    Spells: 17/17 levels left

rFire   + . .      SeeInvis .    y - +8 lajatang "Muzinkao" {venom, Int+3}
rCold   + . .      Faith    .    (shield currently unavailable)
rNeg    . . .      Spirit   .    z - +3 ring mail {rC+}
rPois   .          Reflect  .    (no helmet)
rElec   .          Harm     .    n - +2 cloak
rCorr   .          Rampage  .    l - +0 pair of gloves
Will    .....      Rage     3%   e - +1 pair of boots
Stlth   +.........               (no amulet)
HPRegen 0.36/turn                p - +4 ring of slaying
MPRegen 0.15/turn                g - +6 ring of strength

@: no status effects
A: reduced essence, large bone plates 1, demonic magic 2, weakness stinger 2,
hooves 1, berserk 1, fire resistance 1, sense surroundings 1
a: Renounce Religion, Recall Ancestor, Ancestor Identity, Transference, Idealise


You were on level 1 of the Lair of Beasts.
You worshipped Hepliaklqana.
Hepliaklqana was extremely pleased with you.
You visited 3 branches of the dungeon, and saw 14 of its levels.
You also visited: Bailey.

You collected 1579 gold pieces.
You spent 150 gold pieces at shops.

Inventory:

Hand Weapons
 m - a +6 falchion of protection
 y - the +8 lajatang "Muzinkao" (weapon) {venom, Int+3}
   (You found it in a bailey)

   It poisons the flesh of those it strikes.
   Int:       It affects your intelligence (+3).
Missiles
 G - 2 throwing nets (quivered)
Armour
 a - a +0 robe
 e - a +1 pair of boots (worn)
 j - a scarf of invisibility
 l - a +0 pair of gloves (worn)
 n - a +2 cloak (worn)
 t - a +0 troll leather armour
 z - a +3 ring mail of cold resistance (worn)
Jewellery
 g - a +6 ring of strength (right hand)
 p - a +4 ring of slaying (left hand)
 C - a +6 ring of dexterity
Wands
 r - a wand of polymorph (11)
 s - a wand of roots (12)
 B - a wand of flame (15)
Scrolls
 d - 9 scrolls of teleportation
 u - a scroll of magic mapping
 w - 2 scrolls of identify
 A - a scroll of fear
Potions
 b - a potion of flight
 c - 2 potions of cancellation
 f - 3 potions of resistance
 h - a potion of haste
 i - a potion of ambrosia
 k - a potion of might
 o - 4 potions of attraction
 q - a potion of heal wounds
 v - a potion of lignification
 x - 3 potions of invisibility
 E - a potion of brilliance
 F - a potion of curing


   Skills:
 + Level 15.5 Fighting
 - Level 2.0 Long Blades
 * Level 8.7 Staves
 + Level 12.0 Dodging
 - Level 1.7 Stealth
 - Level 2.7 Unarmed Combat
 - Level 3.1 Spellcasting


You had 17 spell levels left.
You didn't know any spells.
Your spell library contained the following spells:

 Spells                   Type           Power      Damage    Failure   Level
 Cigotuvi's Dreadful Rot  Necr/Pois/Air  6%         N/A       36%         2
 Dispel Undead            Necr           3%         3d7       95%         4
 Death Channel            Necr           1%         N/A       100%        6


Dungeon Overview and Level Annotations

Branches:
Dungeon (12/15)            Temple (1/1) D:7            Lair (1/5) D:9
    Orc (0/2) D:9          Bailey (visited)

Altars:
Ashenzari
Cheibriados
Dithmenos
Fedhas
Gozag
Hepliaklqana
Kikubaaqudgha
Makhleb
Nemelex Xobeh
Okawaru
Qazlal
Ru
Sif Muna
Trog
Uskayaw
Vehumet
Wu Jian
Xom
Yredelemnul

Shops:
D:4 *   D:5 [   D:10 !   D:11 (**

Annotations:
D:9 Erolcha
D:12 Azrael


Innate Abilities, Weirdness & Mutations

Your life essence is reduced to manifest your ancestor. (-10% HP)
You are partially covered in large bone plates. (SH +4)
Spells you cast may paralyse nearby enemies.
You have a tail ending in a sharp stinger.
You have large cloven feet.
You sometimes lose your temper in combat.
Your flesh is heat resistant. (rF+)
You passively map a small area around you.


Message History

The yak appears confused.
You hit the yak.
The yak is lightly wounded.
The yak barely misses you. x2; You block the komodo dragon's attack.
Njabulo hits the yak with a +0 dagger of draining.
You completely miss the yak.
You tail-slap the yak, but do no damage.
The yak is moderately wounded.
Njabulo hits the yak with a +0 dagger of draining.
The yak closely misses you.
The yak gores Njabulo!
Njabulo hits the yak with a +0 dagger of draining.
The komodo dragon bites you!!
You catch the helpless yak completely off-guard!
You slash the yak!
The yak looks as sick as possible!
You tail-slap the yak.
You kill the yak!
The yak gores Njabulo!
The yak gores you but does no damage. The komodo dragon bites you!!
You are too injured to fight recklessly!
You are too injured to fight recklessly!
You are too injured to fight recklessly!
Unknown command.
The yak attacks as you move away! The yak gores you!
Njabulo points at the yak and mumbles some strange words.
The yak seems to slow down.
The yak gores Njabulo!
The komodo dragon attacks as you move away!
The komodo dragon closely misses you.
Njabulo hits the yak with a +0 dagger of draining!
The yak barely misses Njabulo.
Njabulo hits the yak with a +0 dagger of draining!
The yak looks more healthy.
Njabulo hits the yak with a +0 dagger of draining.
Njabulo hits the yak with a +0 dagger of draining!
Njabulo drains the yak.
The yak dies!
The komodo dragon attacks as you move away!
The komodo dragon bites you!!
* * * LOW HITPOINT WARNING * * *
The komodo dragon attacks as you move away!
The komodo dragon bites you!!
You die...

................#..,.
,
...#.##.>######*#...##
..######..# ##Y#..#
#.# #..## #....#* #.#
##.# #R.# #.# #†.#
#..# ..# ###.## ###.Y#
#.####....####.#Yl# *
#...............@.# *
, ......#######P##.##
* * ####### ####... ,
, ##.##, ##*


You could see the friendly Njabulo the hexer, a komodo dragon (ally target) and
3 yaks.

Vanquished Creatures
  Harold (D:11)
  A two-headed ogre (D:9)
  A death yak (D:8)
  An orc high priest (Bailey)
  An ugly thing (D:11)
  A cyclops (D:11)
  4 elephants (Lair:1)
  2 komodo dragons (Lair:1)
  A kobold demonologist (Bailey)
  An unseen horror zombie (D:8)
  A troll (D:11)
  A hornet (D:10)
  5 blink frogs (Lair:1)
  3 wraiths
  14 yaks
  2 wyverns
  A basilisk (Lair:1)
  2 fire elementals (D:11)
  A steam dragon (D:7)
  A warg (D:9)
  An acid dragon (D:10)
  A hell hound (D:11)
  A water moccasin (Lair:1)
  12 orc warriors
  2 ice beasts (D:8)
  2 sky beasts
  A black bear (D:5)
  2 centaurs
  3 ogres
  A phantom (D:5)
  4 kobold brigands
  3 bullfrogs
  6 necrophages
  A gnoll sergeant (D:9)
  5 scorpions
  12 wights
  7 killer bees
  An electric eel (Bailey)
  3 howler monkeys
  A centaur zombie (D:8)
  6 hounds
  2 jellies
  3 orc priests
  2 gnoll boudas
  2 iguanas
  4 orc wizards
  2 killer bee zombies (D:8)
  A howler monkey zombie (D:8)
  11 adders
  15 gnolls
  2 river rats (D:9)
  A shadow imp (D:6)
  2 ufetubi
  A worm (D:2)
  29 orcs
  8 endoplasms
  2 giant cockroaches
  18 goblins
  8 hobgoblins
  8 jackals
  18 kobolds
  10 quokkas
  4 ball pythons
  9 bats
  2 frilled lizards (D:1)
  2 rats (D:1)
  A bush (D:8)
287 creatures vanquished.

Vanquished Creatures (collateral kills)
  2 death yaks (D:8)
  A cyclops (D:11)
  An ugly thing (D:11)
  A troll (D:11)
  2 yaks (Lair:1)
  An acid dragon (D:11)
  A water moccasin (D:7)
  An ice beast (D:7)
  2 orc warriors (Bailey)
  3 bullfrogs
  A gnoll sergeant (D:7)
  A necrophage (D:8)
  2 wyvern zombies (D:8)
  A scorpion (D:7)
  3 wights
  A killer bee (D:9)
  An electric eel (Bailey)
  2 centaur zombies (D:8)
  3 orc wizards
  2 gnolls (D:9)
  A river rat (D:9)
  8 orcs
  3 goblins
  6 kobolds (D:9)
50 creatures vanquished.

Vanquished Creatures (others)
  6 hexers
  A bush (D:8)
  13 fungi
  11 plants
31 creatures vanquished.

Grand Total: 368 creatures vanquished

Notes
Turn   | Place    | Note
-------+----------+-------------------------------------------
     0 | D:1      | ryw the Demonspawn Monk began the quest for the Orb.
     0 | D:1      | Reached XP level 1. HP: 18/18 MP: 1/1
   120 | D:1      | Gained mutation: Spells you cast may paralyse adjacent
                  | enemies. [demonic ancestry]
   120 | D:1      | Reached XP level 2. HP: 22/24 MP: 2/2
   965 | D:2      | Gained mutation: You have a small tail. [demonic ancestry]
   965 | D:2      | Reached XP level 3. HP: 23/29 MP: 3/3
  1169 | D:2      | Reached skill level 1 in Spellcasting
  1224 | D:2      | Reached skill level 4 in Fighting
  1518 | D:2      | Gained mutation: Spells you cast may paralyse nearby
                  | enemies. [demonic ancestry]
  1518 | D:2      | Reached XP level 4. HP: 27/37 MP: 4/6
  2442 | D:3      | Gained mutation: You are partially covered in large bone
                  | plates. (SH +4) [demonic ancestry]
  2442 | D:3      | Reached XP level 5. HP: 40/43 MP: 7/7
  2795 | D:4      | Found the amulet of Elemental Vulnerability {rPois rF--
                  | rC-- AC+8}
  2855 | D:4      | Noticed an ogre
  2864 | D:4      | Reached skill level 5 in Fighting
  2866 | D:4      | Reached skill level 1 in Long Blades
  2989 | D:4      | Found Cuet's General Store.
  3131 | D:4      | Killed an ogre
  3132 | D:4      | Reached XP level 6. HP: 51/51 MP: 9/9
  3292 | D:5      | Entered Level 5 of the Dungeon
  3383 | D:5      | Reached skill level 6 in Fighting
  3540 | D:5      | Found Litol's Armour Shoppe.
  3560 | D:5      | Bought a +0 pair of gloves for 49 gold pieces
  3640 | D:5      | Reached XP level 7. HP: 59/59 MP: 11/11
  3697 | D:5      | Reached skill level 7 in Fighting
  3697 | D:5      | Reached skill level 5 in Dodging
  4342 | D:6      | Reached skill level 8 in Fighting
  4379 | D:6      | Gained mutation: You have a tail ending in a sharp stinger.
                  | [demonic ancestry]
  4379 | D:6      | Reached XP level 8. HP: 45/69 MP: 12/12
  4472 | D:6      | Reached skill level 9 in Fighting
  4866 | D:6      | Gained mutation: You have hidden genetic potential. [potion
                  | of mutation]
  4866 | D:6      | Gained mutation: You sometimes lose your temper in combat.
                  | [potion of mutation]
  4877 | D:7      | Found a staircase to the Ecumenical Temple.
  4894 | D:7      | Reached skill level 10 in Fighting
  5016 | Temple   | Entered the Ecumenical Temple
  5314 | D:7      | Found a broken altar of Ashenzari.
  5314 | D:7      | Found a bloodstained altar of Trog.
  5318 | D:7      | Found a hazy altar of Hepliaklqana.
  5336 | D:7      | Became a worshipper of Hepliaklqana the Forgotten
  5336 | D:7      | Reached * piety under Hepliaklqana
  5336 | D:7      | Reached ** piety under Hepliaklqana
  5337 | D:7      | Remembered your ancestor Njabulo as a hexer
  5392 | D:7      | Reached skill level 11 in Fighting
  5410 | D:7      | Reached XP level 9. HP: 55/72 MP: 13/13
  5451 | D:7      | Gained mutation: You passively map a small area around you.
                  | [hidden potential]
  5456 | D:7      | Reached skill level 12 in Fighting
  5694 | D:7      | Found a sparkling altar of Nemelex Xobeh.
  6324 | D:8      | Reached skill level 13 in Fighting
  6563 | D:8      | Reached XP level 10. HP: 82/82 MP: 14/14
  6600 | D:8      | Found a flagged portal.
  6624 | Bailey   | Entered a bailey
  6624 | Bailey   | Reached *** piety under Hepliaklqana
  6668 | Bailey   | Gained mutation: You have great hidden genetic potential.
                  | [hidden potential]
  6668 | Bailey   | Lost mutation: You have great hidden genetic potential.
                  | [hidden potential expressed]
  6804 | Bailey   | Found an iron altar of Okawaru.
  6804 | Bailey   | Noticed an orc high priest
  6807 | Bailey   | Noticed an orange demon
  6807 | Bailey   | Noticed a sun demon
  6810 | Bailey   | Noticed an orange demon
  6822 | Bailey   | HP: 4/83 [orange demon[an orc high priest] (8)]
  6838 | Bailey   | Noticed a soul eater
  6839 | Bailey   | Noticed a rust devil
  6842 | Bailey   | Killed an orc high priest
  6843 | Bailey   | Reached skill level 14 in Fighting
  6843 | Bailey   | Reached skill level 10 in Dodging
  6849 | Bailey   | Noticed a sixfirhy
  7056 | Bailey   | Identified the +8 lajatang "Muzinkao" {venom, Int+3}
  7561 | D:8      | Acquired 1022 gold pieces
  7578 | D:8      | Found a blossoming altar of Fedhas.
  7660 | D:8      | Found a radiant altar of Vehumet.
  7735 | D:8      | Reached skill level 1 in Staves
  8331 | D:9      | Noticed a death yak
  8433 | D:9      | Noticed a death yak
  8439 | D:9      | Noticed a death yak
  8450 | D:8      | Reached XP level 11. HP: 87/89 MP: 12/15
  8479 | D:9      | Noticed Erolcha
  8572 | D:8      | Killed a death yak
  8786 | D:8      | Killed a death yak
  8791 | D:8      | Killed a death yak
  8801 | D:8      | Gained mutation: You have large cloven feet. [hidden
                  | potential]
  9073 | D:9      | Found a staircase to the Orcish Mines.
  9201 | D:9      | Reached **** piety under Hepliaklqana
  9216 | D:9      | Found an opulent altar of Gozag.
  9227 | D:9      | Reached skill level 5 in Staves
  9236 | D:9      | Noticed a two-headed ogre
  9243 | D:9      | Killed a two-headed ogre
  9369 | D:9      | Found a staircase to the Lair.
  9575 | D:10     | Entered Level 10 of the Dungeon
 10085 | D:10     | Found Haaqes's Distillery.
 10224 | D:11     | Found a sacrificial altar of Ru.
 10286 | D:11     | Found Veirro's Assorted Antiques.
 10297 | D:11     | Bought a scroll labelled WOSHRO MEOBBO for 19 gold pieces
 10297 | D:11     | Bought a metallic silvery potion for 17 gold pieces
 10321 | D:11     | Found Viasuow's General Store.
 10329 | D:11     | Bought a scroll of identify for 26 gold pieces
 10329 | D:11     | Bought a potion of curing for 39 gold pieces
 10346 | D:11     | Noticed Harold
 10356 | D:11     | Killed Harold
 10897 | D:11     | Reached skill level 15 in Fighting
 10962 | D:11     | Noticed a white ugly thing
 10971 | D:11     | Killed a white ugly thing
 11049 | D:11     | Found Raely's Weapon Shop.
 11122 | D:12     | Noticed a white ugly thing
 11125 | D:12     | Noticed Azrael
 11132 | D:11     | Killed a white ugly thing
 11608 | D:12     | Reached ***** piety under Hepliaklqana
 11839 | Lair:1   | Entered Level 1 of the Lair of Beasts
 11868 | Lair:1   | Reached XP level 12. HP: 79/98 MP: 16/16
 12175 | Lair:1   | Gained mutation: Your flesh is heat resistant. (rF+)
                  | [hidden potential]
 12175 | Lair:1   | Lost mutation: You have hidden genetic potential. [hidden
                  | potential expressed]
 12462 | Lair:1   | Mangled by a komodo dragon

Illustrated notes

Levels and vault maps discovered:
D:1:      ebering_trefoil_twist, layout_basic
D:2:      layout_basic
D:3:      wander_river, layout_rooms, chequers_serial_rivers_micro_d
D:4:      layout_rooms, serial_shops, nicolae_shop_waterfront
D:5:      layout_loops_cross, serial_shops, shop, hangedman_decor_slide_cut
D:6:      layout_rooms
D:7:      cheibrodos_barr_body, layout_basic, mainiacjoe_overflow_big_doors,
          grunt_temple_overflow_open, minmay_temple_entry_stoned_glass
D:8:      layout_cave_pods, mainiacjoe_overflow_24_doors,
          fedhas_altar_decomposition, enter_bailey_5, serial_undead,
          serial_undead_e, serial_undead_c, serial_undead_a, serial_undead_e,
          serial_undead_b
D:9:      layout_cave_pools, mainiacjoe_overflow_cross_hatched,
          dpeg_lair_monsters, david_orc_3, uniq_erolcha
D:10:     layout_loops_ring, serial_shops, shop
D:11:     layout_cross, serial_shops, nicolae_shop_bloodbath_and_beyond, shop,
          nicolae_shop_waterfront, minmay_misc_feat_x, nicolae_ru_awakened_eye,
          uniq_harold
D:12:     layout_basic, amcnicky_mini_pool_small,
          chequers_serial_rivers_micro_a, uniq_azrael
Temple:   compressed_dpeg_triangle_lava_temple
Lair:1:   layout_loops_ring, nicolae_quartered_pool_little

Skill      XL: |  1  2  3  4  5  6  7  8  9 10 11 12 |
---------------+-------------------------------------+-----
Dodging        | 3 4 5 7 9 10 11 12 | 12.0
Spellcasting   | 1 2 3 |  3.1
Fighting       | 4 5 6 8 11 13 14 15 | 15.5
Long Blades    | 1 2 |  2.0
Staves         | 3 7 8 |  8.7
Stealth        | |  1.7
Unarmed Combat | |  2.7

Action                   |  1- 3 |  4- 6 |  7- 9 | 10-12 || total
-------------------------+-------+-------+-------+-------++-------
Melee: Mace              |    47 |       |       |       ||    47
       Unarmed           |     1 |       |       |       ||     1
       Whip              |   102 |    53 |       |       ||   155
       Punch             |     3 |     1 |     4 |     4 ||    12
       Tailslap          |     7 |    12 |    37 |    61 ||   117
       Falchion          |       |    62 |   221 |    99 ||   382
       Lajatang          |       |       |       |   269 ||   269
Invok: Ancestor Life: He |       |       |     1 |       ||     1
       Recall Ancestor   |       |       |       |     6 ||     6
  Use: Scroll            |     3 |     4 |     7 |    10 ||    24
       Potion            |     1 |       |     3 |     5 ||     9
 Stab: Sleeping          |    11 |     4 |     5 |     1 ||    21
       Confused          |       |       |     3 |     6 ||     9
       Distracted        |       |       |       |     2 ||     2
Armor: Robe              |    57 |    28 |    92 |    32 ||   209
       Skin              |       |       |       |    36 ||    36
       Ring mail         |       |       |       |    74 ||    74
Dodge: Dodged            |   151 |    70 |   199 |   290 ||   710
Block: Other             |       |    12 |    49 |    73 ||   134

Table legend: (Time is in decaauts)
 A = Elapsed time spent in this place.
 B = Non-inter-level travel time spent in this place.
 C = Inter-level travel time spent in this place.
 D = Time resting spent in this place.
 E = Time spent auto-exploring this place.
 F = Levels seen in this place.
 G = Mean time per level.
                   A        B        C        D        E       F      G
               +--------+--------+--------+--------+--------+-----+--------+
         Total |  12743 |  12188 |    555 |   2473 |   7233 |  15 |  849.5 |
       Dungeon |  10877 |  10327 |    550 |   2048 |   6251 |  12 |  906.4 |
        Temple |    246 |    242 |      4 |      0 |    233 |   1 |  246.0 |
          Lair |    641 |    641 |      0 |    111 |    372 |   1 |  641.0 |
        Bailey |    977 |    977 |      0 |    314 |    376 |   1 |  977.0 |
               +--------+--------+--------+--------+--------+-----+--------+

Top non-repeatable levels by time:
    D:11: 1581 daAuts
     D:8: 1575 daAuts
     D:7: 1352 daAuts
     D:2: 1227 daAuts
  Bailey: 977 daAuts
     D:1: 974 daAuts
     D:5: 870 daAuts
     D:6: 743 daAuts
     D:9: 697 daAuts
    D:10: 673 daAuts
     D:3: 656 daAuts
  Lair:1: 641 daAuts
     D:4: 502 daAuts
  Temple: 246 daAuts
    D:12: 22 daAuts
